Map: Blackpink EJ

Players

MonoRata - Winner!

  • Race: Terran Terran
  • League: Gold
  • Spawn Location: 7:00

IA (Élite) 1

  • Race: Protoss Protoss
  • Spawn Location: 1:00

VOD

Have the link to the VOD?

Description

Time

  • Played on: Dec. 1, 2017, 10:44 a.m.
  • Length: 8:42
Show
View Real Time Build Order
Export as new Build Order

MonoRata Terran - Winner!

Build Orders: MMM Bio 

Get SALT Encoding   

  12  0:01  SCV  
  13  0:13  SCV  
  14  0:18  Supply Depot  
  14  0:26  SCV  
  15  0:31  Refinery  
  15  0:42  Barracks  
  15  0:46  SCV  
  16  0:58  SCV  
  17  1:11  SCV  
  18  1:23  SCV  
  19  1:29  Marine  
  20  1:35  Orbital Command  
  20  1:48  Command Center  
  20  1:59  Barracks Reactor  
  20  2:04  Factory  
  20  2:15  SCV  
  21  2:17  Supply Depot  
  21  2:23  Refinery  
  21  2:27  SCV  
  22  2:36  Marine  
  23  2:39  Marine  
  24  2:48  Starport  
  24  2:56  Barracks  
  24  2:58  Widow Mine  
  26  3:00  Marine x2  
  28  3:08  Orbital Command  
  28  3:13  SCV  
  29  3:20  Marine x2  
  29  3:26  Widow Mine  
  33  3:33  Viking  
  35  3:36  SCV  
  35  3:39  SCV  
  37  3:46  Barracks  
  37  3:49  SCV  
  37  3:52  Marine  
  37  3:53  Marine  
  40  4:09  Starport Tech Lab, Supply Depot, Factory Tech Lab  
  40  4:16  SCV  
  41  4:17  SCV  
  41  4:19  Marine x2  
  44  4:29  Engineering Bay, SCV  
  44  4:30  SCV  
  46  4:42  Marine x2, Factory Tech Lab  
  46  4:44  Starport Reactor  
  48  4:46  Combat Shields, Stimpack  
  48  4:53  Supply Depot  
  48  4:54  SCV x2  
  51  5:00  Marauder  
  51  5:02  Marauder  
  54  5:14  Marine  
  54  5:15  SCV  
  54  5:17  Terran Infantry Weapons Level 1  
  54  5:18  Refinery  
  56  5:22  Medivac x2, Refinery  
  60  5:30  Marauder  
  62  5:40  Supply Depot  
  62  5:43  Marine x2  
  62  5:44  Marauder  
  66  5:51  Marine  
  66  5:55  Medivac  
  69  6:01  Marine x2  
  71  6:05  Marine  
  71  6:08  Supply Depot  
  71  6:09  Marine  
  73  6:18  Siege Tank  
  76  6:19  Marine x2  
  76  6:22  Marine  
  79  6:27  Marine  
  80  6:36  Supply Depot  
  80  6:37  Marine x2  
  82  6:40  Marine  
  82  6:45  Marine  
  84  6:51  Medivac  
  86  6:54  Marine x2  
  86  6:58  Marine  
  89  7:02  Marine  
  90  7:12  Marine x2  
  92  7:16  Marine  
  92  7:18  Siege Tank  
  92  7:21  Marauder  
  98  7:30  Marine x2  
  98  7:34  Marine  
  101  7:42  Marine  
  95  7:48  Marine x2  
  87  7:51  Marine  
  87  7:58  Medivac x2  
  91  7:59  Marine  
  92  8:09  Marine  
  91  8:16  Marine x2  
  91  8:18  Marauder  
Show
View Real Time Build Order
Export as new Build Order

IA (Élite) 1 Protoss 

Build Orders: Zealot Archon, Dark Templar Rush 

Get SALT Encoding   

  12  0:00  Probe  
  13  0:13  Probe  
  14  0:20  Pylon  
  14  0:25  Probe  
  15  0:38  Probe  
  16  0:49  Assimilator  
  16  0:50  Probe  
  16  0:52  Gateway  
  17  1:00  Pylon  
  17  1:02  Probe  
  18  1:14  Probe  
  19  1:26  Probe  
  20  1:33  Assimilator  
  20  1:38  Probe  
  21  1:41  Zealot  
  21  1:43  Cybernetics Core  
  23  1:50  Probe  
  24  2:02  Probe  
  24  2:08  Zealot  
  27  2:14  Probe  
  28  2:21  Pylon, Warp Gate  
  28  2:23  Twilight Council  
  28  2:27  Probe  
  29  2:35  Stalker  
  31  2:40  Gateway  
  31  2:50  Probe  
  32  3:03  Dark Shrine, Probe  
  32  3:05  Gateway  
  33  3:15  Probe  
  33  3:16  Pylon  
  34  3:21  Zealot  
  34  3:27  Zealot, Probe  
  39  3:34  Pylon  
  39  3:57  Probe  
  39  4:02  Adept  
  42  4:05  Nexus  
  42  4:15  Dark Templar  
  44  4:23  Dark Templar  
  46  4:37  Stalker  
  48  4:39  Pylon  
  48  4:55  Sentry  
  50  5:00  Sentry, Archon  
  50  5:02  Pylon, Adept  
  54  5:17  Probe x2  
  54  5:19  Stalker  
  58  5:22  Dark Templar  
  58  5:23  Dark Templar  
  58  5:27  Assimilator  
  62  5:29  Probe x2  
  64  5:37  Assimilator  
  64  5:41  Stalker, Probe  
  64  5:42  Probe, Archon  
  68  5:53  Probe  
  68  5:54  Probe  
  68  5:55  Dark Templar  
  72  6:05  Probe  
  72  6:06  Probe  
  72  6:07  Dark Templar  
  72  6:10  Pylon  
  76  6:12  Stalker  
  76  6:17  Probe  
  76  6:18  Probe  
  80  6:20  Archon  
  80  6:27  Dark Templar  
  80  6:29  Probe  
  83  6:33  Probe  
  83  6:34  Pylon  
  83  6:36  Dark Templar  
  86  6:41  Stalker, Probe  
  86  6:45  Probe  
  90  6:48  Archon  
  90  6:53  Probe  
  91  6:54  Pylon  
  91  6:57  Probe  
  91  7:00  Dark Templar  
  94  7:04  Dark Templar  
  94  7:06  Probe  
  97  7:08  Stalker  
  97  7:09  Probe  
  97  7:15  Pylon  
  100  7:18  Probe  
  100  7:19  Robotics Facility  
  101  7:32  Stalker  
  101  7:33  Forge  
  102  7:37  Forge, Zealot x2  
  102  7:39  Pylon  
  102  7:40  Archon  
  59  7:55  Stalker  
  59  7:57  Dark Templar x2  
  57  8:03  Archon  
  40  8:10  Observer  
Tags
 
Add a new tag
Caveats
  • Supply blocks, unpowered buildings, or Contaminate may cause inaccurate times.
  • Supply counts are checked every 10 seconds.